 Dungeon Sprint DCSS version 0.21-a0-297-ga3d34c2 (webtiles) character file.

134 Kidiri the Thaumaturge (level 4, -3/24 HPs)
             Began as a Deep Elf Fire Elementalist on Sept 28, 2017.
             Slain by a chaos spawn (7 damage)
             ... summoned by a kobold demonologist
             ... in the Dungeon (Sprint III: "The Ten Rune Challenge").
             The game lasted 00:02:02 (338 turns).

Kidiri the Thaumaturge (Deep Elf Fire Elementalist)  Turns: 338, Time: 00:02:03

Health: -3/24      AC:  5    Str:  5    XL:     4   Next: 95%
Magic:  8/17       EV: 13    Int: 21    God:
Gold:   24         SH:  0    Dex: 17    Spells: 9/22 levels left

rFire    . . .     SeeInvis .   l - +2 quarterstaff (chaos)
rCold    + . .     Gourm    .   (shield currently unavailable)
rNeg     . . .     Faith    .   a - +0 robe
rPois    .         Spirit   .   (no helmet)
rElec    .         Reflect  .   m - +0 cloak
rCorr    .         Harm     .   (no gloves)
MR       .....     NoTele   +   (no boots)
Stlth    ++........             (no amulet)
HPRegen  0.48/turn              (no ring)
MPRegen  0.15/turn              (no ring)

@: no status effects
A: hooves 1, yellow scales 1, agile 1, cold resistance 1, regeneration 1
a: no special abilities


You were in the Dungeon.
You were not hungry.

You visited 1 branch You collected 24 gold pieces.

Inventory:

Hand Weapons
 l - a +2 quarterstaff of chaos (weapon)
Armour
 a - a +0 robe (worn)
 m - a +0 cloak (worn)
Scrolls
 i - a scroll of blinking
 o - a scroll of torment {unknown}
 p - a scroll of identify {unknown}
 q - 2 scrolls of remove curse {unknown}
 t - a scroll of immolation {unknown}
 u - a scroll of recharging {unknown}
Potions
 d - a potion of curing
 e - a potion of heal wounds
 f - a potion of haste
 g - 2 potions of magic
 h - a potion of berserk rage
 k - a potion of brilliance {unknown}
 n - a potion of mutation
 s - a potion of degeneration {unknown}
 v - a potion of might {unknown}
Books
 b - a book of Flames

   Spells                             Type                      Level
   a - Flame Tongue                   Conjuration/Fire             1
   b - Throw Flame                    Conjuration/Fire             2
   c - Conjure Flame                  Conjuration/Fire             3
   d - Inner Flame                    Hexes/Fire                   3
   e - Sticky Flame                   Conjuration/Fire             4
   f - Fireball                       Conjuration/Fire             5
Comestibles
 c - 2 bread rations
 j - 4 chunks of flesh
 r - a royal jelly


   Skills:
 - Level 2.4 Dodging
 - Level 2.4 Stealth
 * Level 9.6 Spellcasting
 + Level 5.3 Conjurations
 + Level 6.2 Fire Magic


You had 9 spell levels left.
You knew the following spells:

 Your Spells              Type           Power        Failure   Level  Hunger
a - Flame Tongue          Conj/Fire      ####.        1%          1    None
b - Throw Flame           Conj/Fire      ####..       1%          2    None
c - Conjure Flame         Conj/Fire      ####....     1%          3    None
d - Inner Flame           Hex/Fire       ###.....     5%          3    None
e - Sticky Flame          Conj/Fire      ####....     6%          4    ##.....


Dungeon Overview and Level Annotations

Branches:
Dungeon (1/1)

Altars:
Kikubaaqudgha
Sif Muna
Vehumet


Innate Abilities, Weirdness & Mutations

You have large cloven feet.
You are partially covered in yellow scales. (AC +2)
You are agile. (Dex +2)
Your flesh is cold resistant. (rC+)
Your natural rate of healing is unusually fast.


Message History

The quasit bites you but does no damage.
The quasit claws you but does no damage.
The quasit barely misses you. The chaos spawn gores you!!
Ouch! That really hurt!
* * * LOW HITPOINT WARNING * * *
The chaos spawn draws strength from your injuries!
Casting: Sticky Flame
Confirm with . or Enter, or press ? or * to list all spells.
Aiming: Flame Tongue
Press: ? - help, Shift-Dir - straight line, f/p - kobold demonologist
Aim: a kobold demonologist, wielding a dagger and wearing a robe (heavily wounded, covered in liquid flames)
The flame tongue misses the kobold demonologist.
The kobold demonologist burns!
The quasit barely misses you. The quasit closely misses you.
The quasit claws you but does no damage.
The kobold demonologist miscasts a cantrip.
The chaos spawn gores you.
* * * LOW HITPOINT WARNING * * *
You are engulfed in flames!
You die...

###......♣ ♣..#
..#÷...≈.♣♣♣..###+#+###+
..#...≈≈♣.♣♣..#.........
..#..≈≈≈≈♣.♣..'.⌠.......
#'#..≈≈≈≈≈≈♣..#...######
..#.≈≈≈≈≈≈....#.⌠.#
..#.≈≈≈≈≈.....#...#
..#.≈≈≈.......#'###
###...........#.@K#
..............#5_4#
▓▓▓▓▓▓▓▓▓▓▓▓▓▓▓▓▓▓▓


You could see a kobold demonologist (burning), a chaos spawn and a quasit.

Vanquished Creatures
  A water elemental (D)
  Crazy Yiuf (D)
  A wizard (D)
  A human (D)
  4 rats (D)
8 creatures vanquished.

Vanquished Creatures (others)
  2 draconian scorchers (D)
  6 hellions (D)
  A yaktaur (D)
9 creatures vanquished.

Grand Total: 17 creatures vanquished

Notes
Turn   | Place    | Note
-------+----------+-------------------------------------------
     0 | D        | Kidiri the Deep Elf Fire Elementalist began the quest for the Orb.
     0 | D        | Reached XP level 1. HP: 10/10 MP: 6/6
    33 | D        | Reached skill level 4 in Spellcasting
    76 | D        | Killed a hellion
    76 | D        | Killed a hellion
    95 | D        | Noticed Crazy Yiuf
   104 | D        | Killed Crazy Yiuf
   104 | D        | Reached skill level 6 in Spellcasting
   104 | D        | Reached XP level 2. HP: 9/15 MP: 2/11
   104 | D        | Reached XP level 3. HP: 11/19 MP: 2/13
   108 | D        | Learned a level 2 spell: Throw Flame
   110 | D        | Killed a hellion
   112 | D        | Learned a level 3 spell: Conjure Flame
   116 | D        | Learned a level 3 spell: Inner Flame
   123 | D        | Killed a white draconian scorcher
   124 | D        | Killed a hellion
   145 | D        | Killed a hellion
   165 | D        | Killed a yaktaur
   172 | D        | Killed a hellion
   209 | D        | Gained mutation: Armour fits poorly on your strangely shaped body. [potion of mutation]
   209 | D        | Gained mutation: You have a pair of small antennae on your head. [potion of mutation]
   209 | D        | Gained mutation: You possess an exceptional clarity of mind. [potion of mutation]
   210 | D        | Lost mutation: You have a pair of small antennae on your head. [potion of mutation]
   210 | D        | Lost mutation: You possess an exceptional clarity of mind. [potion of mutation]
   210 | D        | Gained mutation: Your natural rate of healing is unusually fast. [potion of mutation]
   211 | D        | Lost mutation: Armour fits poorly on your strangely shaped body. [potion of mutation]
   211 | D        | Gained mutation: You are partially covered in yellow scales. (AC +2) [potion of mutation]
   211 | D        | Gained mutation: Your movements are slightly less encumbered by armour. (ER -2) [potion of mutation]
   211 | D        | Gained mutation: Scrolls take you a little longer to read. [potion of mutation]
   211 | D        | Gained mutation: You have very sharp teeth. [potion of mutation]
   212 | D        | Lost mutation: Your movements are slightly less encumbered by armour. (ER -2) [potion of mutation]
   212 | D        | Lost mutation: Scrolls take you a little longer to read. [potion of mutation]
   212 | D        | Lost mutation: You have very sharp teeth. [potion of mutation]
   212 | D        | Gained mutation: You have large cloven feet. [potion of mutation]
   212 | D        | Gained mutation: Your flesh is cold resistant. (rC+) [potion of mutation]
   212 | D        | Gained mutation: You are agile. (Dex +2) [potion of mutation]
   225 | D        | Killed a white draconian scorcher
   227 | D        | Reached skill level 7 in Spellcasting
   227 | D        | Reached skill level 5 in Fire Magic
   280 | D        | Noticed a water elemental
   282 | D        | Killed a water elemental
   282 | D        | Reached skill level 9 in Spellcasting
   282 | D        | Reached XP level 4. HP: 24/24 MP: 9/17
   289 | D        | Learned a level 4 spell: Sticky Flame
   333 | D        | Found a radiant altar of Vehumet.
   334 | D        | Found a deep blue altar of Sif Muna.
   334 | D        | Found an ancient bone altar of Kikubaaqudgha.
   334 | D        | Noticed a wizard
   335 | D        | Killed a wizard
   335 | D        | Reached skill level 5 in Conjurations
   337 | D        | Noticed a chaos spawn
   338 | D        | Slain by a chaos spawn

Vault maps used:
D:        dungeon_sprint_mu

Skill      XL: |  1  2  3  4 |
---------------+-------------+-----
Spellcasting   | 6 9 |  9.6
Conjurations   | 3 4 5 |  5.3
Fire Magic     | 4 5 6 |  6.2
Dodging        | |  2.4
Stealth        | |  2.4

Action                   |  1- 3 |  4- 6 || total
-------------------------+-------+-------++-------
 Cast: Flame Tongue      |    15 |     2 ||    17
       Throw Flame       |     3 |       ||     3
       Conjure Flame     |     1 |       ||     1
       Sticky Flame      |       |     2 ||     2
  Use: Potion            |     4 |       ||     4
Armor: Robe              |       |     3 ||     3
Dodge: Dodged            |       |     6 ||     6

Table legend:
 A = Spawn XP
 B = Non-spawn XP
 C = Spawn XP percentage of total XP
 D = Spawn monster count
 E = Non-spawn monster count
 F = Spawn count percentage of total count
 G = Total turns spent on level
                    A         B        C        D         E        F      G
               +---------+---------+-------+---------+---------+-------+---------
         Total |       0 |     192 |   0.0 |       0 |       8 |   0.0 |   338
               +---------+---------+-------+---------+---------+-------+---------
             D |       0 |     192 |   0.0 |       0 |       8 |   0.0 |   338
               +---------+---------+-------+---------+---------+-------+---------
